 Dungeon Crawl Stone Soup version 0.25.0-11-g1f837a76a1 (webtiles) character file.

Game seed: 1759656458985857115

152 Delamore the Skirmisher (level 5, -9/35 HPs)
             Began as a Gargoyle Fighter on June 27, 2020.
             Killed by divine providence
             ... invoked by an orc priest
              (15 damage)
             ... on level 3 of the Dungeon.
             The game lasted 00:02:07 (1919 turns).

Delamore the Skirmisher (Gargoyle Fighter)          Turns: 1919, Time: 00:02:08

Health: -9/35      AC: 13    Str: 21    XL:     5   Next: 34%
Magic:  5/5        EV:  7    Int:  8    God:
Gold:   94         SH:  9    Dex:  9    Spells: 4/4 levels left

rFire    . . .     SeeInvis .   p - +0 whip
rCold    . . .     Gourm    .   c - +0 kite shield
rNeg     + . .     Faith    .   b - +0 scale mail
rPois    ∞         Spirit   .   t - +0 helmet
rElec    +         Reflect  .   n - +0 cloak
rCorr    .         Harm     .   (no gloves)
MR       .....                  (no boots)
Stlth    ..........             (no amulet)
HPRegen  0.11/turn              (no ring)
MPRegen  0.09/turn              (no ring)

@: no status effects
A: negative energy resistance 1, electricity resistance, unbreathing,
petrification resistance, rot immunity, AC +4
a: no special abilities


You were on level 3 of the Dungeon.
You were near starving.

You visited 1 branch of the dungeon, and saw 3 of its levels.

You collected 94 gold pieces.

Inventory:

Hand Weapons
 a - a +0 flail
 p - a +0 whip (weapon)
Missiles
 j - 13 poisoned darts (quivered)
Armour
 b - a +0 scale mail (worn)
 c - a +0 kite shield (worn)
 n - a +0 cloak (worn)
 t - a +0 helmet (worn)
Wands
 q - a wand of paralysis (11)
Scrolls
 e - a scroll of teleportation {unknown}
 h - 2 scrolls of identify {unknown}
 i - a scroll of noise {unknown}
 k - a scroll of remove curse {unknown}
 l - 2 scrolls of blinking {unknown}
 o - a scroll of immolation {unknown}
 r - a scroll of amnesia {unknown}
 s - a scroll of enchant armour {unknown}
Potions
 d - a potion of might
 m - a potion of stabbing {unknown}
Comestibles
 f - 4 rations


   Skills:
 + Level 5.1 Fighting
 + Level 4.0 Maces & Flails
 - Level 3.2 Armour
 - Level 3.2 Shields


You had 4 spell levels left.
You didn't know any spells.
Your spell library was empty.

Dungeon Overview and Level Annotations

Branches:
Dungeon (3/15)

Altars:
Dithmenos


Innate Abilities, Weirdness & Mutations

You are resistant to torment.
Your stone body is resilient. (AC +4)
You are immune to poison.
You resist negative energy. (rN+)
You are resistant to electric shocks. (rElec)
You can survive without breathing.
You are immune to petrification.
You are immune to rotting.


Message History

You block the orc priest's attack.
You closely miss the orc priest.
The orc priest is heavily wounded.
You block the orc priest's attack.
You closely miss the orc priest.
The orc priest is heavily wounded.
The orc priest hits you but does no damage.
You closely miss the orc priest.
The orc priest is heavily wounded.
You closely miss the orc priest.
The orc priest is heavily wounded.
You block the orc priest's attack.
You hit the orc priest but do no damage.
The orc priest is heavily wounded.
The orc priest miscasts a cantrip.
You hit the orc priest.
The orc priest is severely wounded.
The orc priest invokes the aid of Beogh against you.
Beogh smites you!
You die...

####..##..o.##.$.#
.....ooo##.K#...#
#.##########.#..#
. #.o.# ##oo###
#oo..# #.##.#
...######o# .#
$......@oo# .
...######## .


You could see an orc priest and 2 orcs.

Vanquished Creatures
  Jessica (D:2)
  An orc wizard (D:3)
  Robin (D:2)
  An adder (D:3)
  A worm (D:2)
  4 dart slugs
  2 leopard geckos
  4 orcs (D:3)
  5 giant cockroaches
  15 goblins
  7 hobgoblins
  5 bats
  6 frilled lizards
  8 kobolds
  3 rats
64 creatures vanquished.

Notes
Turn   | Place    | Note
-------+----------+-------------------------------------------
     0 | D:1      | Delamore the Gargoyle Fighter began the quest for the Orb.
     0 | D:1      | Reached XP level 1. HP: 14/14 MP: 1/1
   113 | D:1      | Reached XP level 2. HP: 18/19 MP: 2/2
   306 | D:1      | Reached XP level 3. HP: 22/24 MP: 3/3
   528 | D:1      | Reached skill level 4 in Fighting
   952 | D:2      | Found a shadowy altar of Dithmenos.
  1253 | D:2      | Reached XP level 4. HP: 30/30 MP: 4/4
  1272 | D:2      | Noticed Robin
  1287 | D:2      | Killed Robin
  1548 | D:2      | Noticed Jessica
  1559 | D:2      | Killed Jessica
  1844 | D:3      | Reached XP level 5. HP: 24/34 MP: 5/5
  1883 | D:3      | Reached skill level 5 in Fighting
  1919 | D:3      | Killed from afar by an orc priest

Illustrated notes

Levels and vault maps discovered:
D:1:      dpeg_arrival_simpleton_c, layout_basic, minmay_pentomino_v2
D:2:      layout_loops_ring, nicolae_dithmenos_through_a_glass_darkly,
          uniq_robin, uniq_jessica
D:3:      cheibrodos_helix_gallery, layout_rooms, lemuel_coloured_pillars_altar,
          chequers_serial_rivers_large_a

Skill      XL: |  1  2  3  4  5 |
---------------+----------------+-----
Fighting       | 4 5 |  5.1
Maces & Flails | 3 4 |  4.0
Armour         | |  3.2
Shields        | |  3.2

Action                   |  1- 3 |  4- 6 || total
-------------------------+-------+-------++-------
Melee: Flail             |    55 |       ||    55
       Whip              |    71 |   141 ||   212
  Use: Potion            |       |     1 ||     1
  Eat: Chunk             |     1 |     1 ||     2
Armor: Scale mail        |    53 |    75 ||   128
Dodge: Dodged            |    26 |    45 ||    71
Block: Kite shield       |    42 |    64 ||   106
